 Dungeon Crawl Stone Soup version 0.32-a0-17-gb74e046682 (webtiles) character file.

Game seed: 18370606225854074588

110965 anacleto the Metamorph (level 16, -12/225 HPs)
             Began as a Troll Shapeshifter on Jan 15, 2024.
             Was an Elder of the Shining One.
             Killed from afar by a deep elf elementalist (35 damage)
             ... with a blast of rock fragments
             ... on level 3 of the Abyss.
             The game lasted 01:58:45 (30466 turns).

anacleto the Metamorph (Troll Shapeshifter)        Turns: 30466, Time: 01:58:47

Health: -12/225    AC:  0    Str: 32    XL:     16   Next: 8%
Magic:  0/21       EV: 16    Int:  6    God:    the Shining One [****..]
Gold:   295        SH:  0    Dex:  9    Spells: 15/15 levels left

rFire   . .          .
                       - Unarmed
rCold   . . .        e - melded +0 kite shield
rNeg    + + .        V - melded +0 acid dragon scales
rPois   .            (helmet currently unavailable)
rElec   .            S - melded scarf {repulsion}
rCorr   .            (gloves unavailable)
SInv    .            (boots unavailable)
Will    +....        u - amulet of guardian spirit Stlth
                     P - melded ring of Sihiy {rC+ Str+2 Int+3 Dex+3 SInv}
HPRegen 1.37/turn    a - melded +6 ring of strength
MPRegen 0.17/turn

%: guardian spirit
@: berserking, pig-form (expiring), hasted, glowing, studying Invocations, very
quick
A: fast, no casting, small, unfitting armour, (claws 3), regeneration 1, (shaggy
fur 1), (tough skin 1), (heat vulnerability 1)
a: Renounce Religion, Divine Shield, Cleansing Flame


You were on level 3 of the Abyss.
You worshipped the Shining One.
The Shining One was greatly pleased with you.
You were a filthy swine.
You visited 5 branches of the dungeon, and saw 24 of its levels.
You visited the Abyss 1 time.
You also visited: Gauntlet and Volcano.

You collected 1873 gold pieces.
You spent 1578 gold pieces at shops.

Inventory:

Missiles
 y - 5 throwing nets
 B - 19 poisoned darts
 G - 44 large rocks (quivered)
 J - 16 boomerangs
 K - 11 javelins
 L - 5 curare-tipped darts
Armour
 e - a +0 kite shield (melded)
 I - a scarf of harm
 S - a scarf of repulsion (melded)
 V - +0 acid dragon scales (melded)
Jewellery
 a - a +6 ring of strength (melded)
 s - a ring of resist corrosion
 u - an amulet of guardian spirit (around neck)
 A - a +6 ring of dexterity
 D - a ring of flight
 P - the ring of Sihiy (melded) {rC+ Str+2 Int+3 Dex+3 SInv}
   (You bought it in a shop on level 9 of the Dungeon)

   [ring of protection from cold]

   Str+2:     It affects your strength (+2).
   Int+3:     It affects your intelligence (+3).
   Dex+3:     It affects your dexterity (+3).
   rC+:       It protects you from cold.
   SInv:      It lets you see invisible.
 X - a ring of magical power
Talismans
 c - a beast talisman
 d - a flux talisman
 C - a maw talisman
 H - a serpent talisman (active)
 U - a blade talisman
Wands
 o - a wand of paralysis (22)
 t - a wand of digging (2)
 z - a wand of polymorph (21)
 N - a wand of flame (49)
 Y - a wand of iceblast (4)
Scrolls
 g - 2 scrolls of fear
 i - 3 scrolls of silence
 j - 5 scrolls of teleportation
 l - 2 scrolls of noise
 n - 4 scrolls of fog
 p - 2 scrolls of vulnerability
 M - a scroll of immolation
 O - 4 scrolls of poison
 R - 3 scrolls of enchant weapon
 T - 2 scrolls of enchant armour
 Z - 2 scrolls of amnesia
Potions
 b - 4 potions of lignification
 f - 2 potions of enlightenment
 h - a potion of ambrosia {unknown}
 k - 10 potions of curing
 m - 2 potions of mutation {unknown}
 q - a potion of experience {unknown}
 r - 3 potions of brilliance
 v - a potion of cancellation {unknown}
 w - 2 potions of heal wounds
 x - a potion of might
 E - a potion of haste
 F - 3 potions of attraction
 W - a potion of resistance {unknown}


   Skills:
 + Level 7.6 Fighting
 + Level 7.7 Throwing
 + Level 7.5 Dodging
 + Level 3.9 Shields
 * Level 12.8 Unarmed Combat
 + Level 8.1 Invocations
 * Level 18.8 Shapeshifting


You had 15 spell levels left.
You didn't know any spells.
Your spell library contained the following spells:

 Spells                   Type           Power      Damage    Failure   Level
 Apportation              Tloc           0%         N/A       45%         1
 Kiss of Death            Conj/Necr      0%         2d5       45%         1
 Necrotise                Necr           0%         1d4       45%         1
 Sting                    Conj/Alch      0%         1d3       45%         1
 Summon Small Mammal      Summ           0%         N/A       45%         1
 Ensorcelled Hibernation  Hex/Ice        0%         N/A       58%         2
 Jinxbite                 Hex            0%         N/A       58%         2
 Lesser Beckoning         Tloc           0%         N/A       58%         2
 Static Discharge         Conj/Air       0%         3-3/arc   58%         2
 Call Canine Familiar     Summ           0%         N/A       83%         3
 Confusing Touch          Hex            0%         N/A       83%         3
 Fugue of the Fallen      Necr           0%         N/A       83%         3
 Gell's Gravitas          Tloc           0%         N/A       83%         3
 Ozocubu's Armour         Ice            0%         N/A       83%         3
 Passwall                 Erth           0%         N/A       83%         3
 Swiftness                Air            0%         N/A       83%         3
 Teleport Other           Tloc           0%         N/A       83%         3
 Tukima's Dance           Hex            0%         N/A       83%         3
 Airstrike                Air            0%         2d(0-16)  99%         4
 Dispel Undead            Necr           0%         3d6       99%         4
 Manifold Assault         Tloc           0%         N/A       99%         4
 Olgreb's Toxic Radiance  Alch           0%         N/A       99%         4
 Passage of Golubria      Tloc           0%         N/A       99%         4
 Summon Blazeheart Golem  Fire/Summ      0%         N/A       99%         4
 Summon Lightning Spire   Summ/Air       0%         N/A       99%         4
 Silence                  Hex/Air        0%         N/A       100%        5
 Summon Forest            Summ/Tloc      0%         N/A       100%        5
 Summon Mana Viper        Hex/Summ       0%         N/A       100%        5
 Yara's Violent Unravell  Hex/Alch       0%         3d3       100%        5
 Dispersal                Tloc           0%         N/A       100%        6
 Summon Cactus Giant      Summ           0%         N/A       100%        6
 Enfeeble                 Hex            0%         N/A       100%        7
 Ozocubu's Refrigeration  Ice            0%         4d7       100%        7
 Discord                  Hex            0%         N/A       100%        8
 Lehudib's Crystal Spear  Conj/Erth      0%         10d2      100%        8


Dungeon Overview and Level Annotations

Branches:
Dungeon (15/15)            Temple (1/1) D:7            Lair (5/5) D:9
 Shoals (0/4) Lair:2        Snake (0/4) Lair:3        Slime (0/5) Lair:4
    Orc (2/2) D:11            Elf (0/3) Orc:2        Vaults (0/5) D:14
 Depths (1/4) D:15        Volcano (visited)         Gauntlet (visited)

Altars:
Ashenzari
Cheibriados
Dithmenos
Elyvilon
Fedhas
Gozag
Hepliaklqana
Kikubaaqudgha
Makhleb
Nemelex Xobeh
Okawaru
Qazlal
Ru
Sif Muna
Trog
Uskayaw
Vehumet
Wu Jian
Xom
Yredelemnul
Zin
The Shining One
Jiyva

Shops:
D:2 [   D:5 [**   D:9 =   Orc:2 ![!(

Annotations:
D:5 1 runed translucent door, Crazy Yiuf


Innate Abilities, Weirdness & Mutations

You are a filthy swine.
You move quickly.
Your equipment is almost entirely melded.
You are incapable of wielding weapons or throwing items.
You cannot cast spells.
You are too large for most types of armour.
((You have claws for hands.))
Your natural rate of healing is unusually fast.
((You are covered in fur. (AC +1)))
((You have tough skin. (AC +1)))
((You are vulnerable to heat. (rF-)))


Message History

The thrashing horror tramples you!
You hold your ground!
The thrashing horror tramples you.
You hold your ground!
The thrashing horror misses you. x2; The chaos spawn bites you!
The chaos spawn shocks you!
The deep elf elementalist barely misses you.
The thrashing horror tramples you!
You stumble backwards!
The deep elf elementalist gestures next to you while chanting.
The wall shatters!
The blast of rock fragments hits you!!!
Unknown command.
The thrashing horror barely misses you. The thrashing horror tramples you!
You hold your ground!
The deep elf elementalist hits you with a +0 long sword!
* * * LOW HITPOINT WARNING * * *
Unknown command.
You feel much better. The thrashing horror tramples you.
You hold your ground!
The thrashing horror misses you. The chaos spawn closely misses you.
The deep elf elementalist hits you with a +0 long sword.
* * * LOW HITPOINT WARNING * * *
The thrashing horror tramples you.
* * * LOW HITPOINT WARNING * * *
You hold your ground!
The thrashing horror barely misses you.
You feel yourself speed up.
Your transformation is almost over.
The deep elf elementalist misses you. The thrashing horror barely misses you.
The thrashing horror closely misses you.
The chaos spawn barely misses you.
The deep elf elementalist barely misses you.
A red film seems to cover your vision as you go berserk!
You feel yourself moving faster!
You feel mighty! The thrashing horror tramples you!
* * * LOW HITPOINT WARNING * * *
You hold your ground!
The thrashing horror tramples you.
* * * LOW HITPOINT WARNING * * *
You hold your ground!
The chaos spawn kicks you!!
* * * LOW HITPOINT WARNING * * *
The chaos spawn shocks you.
* * * LOW HITPOINT WARNING * * *
The deep elf elementalist casts a spell next to you.
The wall shatters!
The blast of rock fragments hits you!!!
You die...

... ....
.....# # ## ##
# . ..
##........ # #
. . .
.......... .
###......#####
.~ #.
...#.##.# #.~
~ ~ . #.
.....##.#.# #
. . ## #
#..#.##.#
#.#.##.#.#X.#
# #..
#.#.h#≈#..
###.#..e4§§#.#
#...#.#..#§#.#
##..#.#..#≈#.
#.#.#.##.# #..
...##.#.# ..#
....#.##.# #..
###...##### ##
## #..


You could see a deep elf elementalist (fast, repels missiles), a thrashing
horror and a chaos spawn.

Vanquished Creatures
  Jorgrun (Orc:2)
  Kirke (D:12)
  A tengu reaver (D:13)
  An orc warlord (Orc:1)
  Snorg (D:14)
  2 ettins
  A fire dragon (Volcano)
  The ghost of bmb222 the Mimic, a journeyman OpSh of Ashenzari (D:11)
  Harold (D:9)
  A rakshasa (D:13)
  5 vault guards (D:14)
  2 catoblepae
  4 ogre magi
  An ice dragon (D:15)
  4 hydras
  3 boulder beetles
  3 centaur warriors
  A death knight (D:15)
  5 tengu warriors
  A deep troll earth mage (D:13)
  18 two-headed ogres
  Sonja (Orc:1)
  A thrashing horror (Abyss:3)
  Urug (D:11)
  A skyshark (Lair:3)
  5 skeletal warriors
  A deep troll (D:15)
  An arcanist (D:14)
  The ghost of anacleto the Changeling, a novice TrSh (D:7)
  A necromancer (D:15)
  2 orc sorcerers
  4 deep elf archers (D:14)
  An orc knight (D:11)
  3 lindwurms (Volcano)
  2 deep elf pyromancers (D:13)
  10 cyclopes
  9 ugly things
  A cyclops (shapeshifter) (D:15)
  4 manticores
  8 elephants
  3 meliai (D:13)
  A merfolk siren (Lair:2)
  2 smoke demons (Volcano)
  4 black mambas
  3 kobold blastminers (Orc:2)
  A gargoyle (D:12)
  11 cane toads
  An unseen horror (D:13)
  A yaktaur (Orc:2)
  4 komodo dragons
  Jeremiah (D:7)
  A rime drake (Lair:3)
  A freezing wraith (D:15)
  Psyche (D:12)
  5 tengu conjurers
  A merfolk (Lair:2)
  4 trolls
  2 polar bears (Lair:5)
  7 hornets
  Prince Ribbit (D:7)
  A dream sheep (Lair:5)
  9 blink frogs
  A glass eye (D:15)
  21 slime creatures
  A vampire (D:10)
  14 spriggans (Lair:5)
  5 wyverns
  A shadow (Lair:1)
  A human (D:14)
  52 yaks
  3 wraiths
  9 basilisks
  3 water elementals
  2 hogs (D:12)
  3 fire bats (Lair:5)
  2 neqoxecs (D:11)
  2 steam dragons (Volcano)
  A warg (Orc:2)
  9 vampire mosquitoes
  2 hell hounds (Volcano)
  2 acid dragons (D:12)
  26 water moccasins
  18 orc warriors
  An ice beast (D:4)
  2 sky beasts (D:8)
  A laughing skull (D:13)
  7 boggarts
  5 black bears (Lair:5)
  27 ogres
  21 wolves
  7 centaurs
  2 kobold brigands
  3 phantoms
  13 bullfrogs
  5 scorpions
  2 gnoll sergeants
  14 wights
  10 killer bees
  2 electric eels (Lair:2)
  6 howler monkeys
  5 jellies
  3 quasits (D:11)
  16 orc priests
  2 bombardier beetles
  6 hounds
  3 gnoll boudas
  3 iguanas
  A sleepcap (D:6)
  Natasha (thrice) (D:4)
  22 orc wizards
  5 hell rats (Lair:1)
  Robin (D:2)
  22 gnolls
  An adder (D:5)
  2 shadow imps
  A white imp (D:6)
  A ribbon worm (D:2)
  8 dart slugs
  61 orcs
  2 bats
  12 endoplasms
  3 giant cockroaches
  16 goblins
  6 hobgoblins
  13 kobolds
  2 quokkas (D:1)
  11 ball pythons
  5 frilled lizards
  5 rats
727 creatures vanquished.

Vanquished Creatures (others)
  A human (D:12)
1 creature vanquished.

Grand Total: 728 creatures vanquished

Notes
Turn   | Place    | Note
-------+----------+-------------------------------------------
     0 | D:1      | anacleto the Troll Shapeshifter began the quest for the
                  | Orb.
     0 | D:1      | Reached XP level 1. HP: 18/18 MP: 0/0
   264 | D:1      | Reached skill level 1 in Fighting
   409 | D:1      | Reached XP level 2. HP: 27/27 MP: 1/1
   516 | D:1      | Found a faded altar of an unknown god.
   683 | D:1      | Reached XP level 3. HP: 33/33 MP: 2/2
  1153 | D:2      | Found Paedixo's Antique Armour Boutique.
  1319 | D:2      | Reached XP level 4. HP: 27/41 MP: 3/3
  1435 | D:2      | Noticed a phantom
  1456 | D:2      | Killed a phantom
  1457 | D:2      | Reached skill level 4 in Shapeshifting
  1457 | D:2      | Reached XP level 5. HP: 49/49 MP: 4/4
  1712 | D:2      | Noticed Robin
  1735 | D:2      | Killed Robin
  2185 | D:3      | Reached XP level 6. HP: 57/57 MP: 5/5
  2540 | D:3      | Found a shimmering altar of Xom.
  2715 | D:4      | Found a stormy altar of Qazlal.
  2731 | D:4      | Found an opulent altar of Gozag.
  2793 | D:4      | Noticed Natasha
  2809 | D:4      | Killed Natasha
  2858 | D:4      | Noticed Natasha
  2872 | D:4      | Killed Natasha
  2891 | D:4      | Noticed an ice beast
  2902 | D:4      | Killed an ice beast
  2903 | D:4      | Reached skill level 5 in Unarmed Combat
  2903 | D:4      | Reached skill level 5 in Shapeshifting
  3235 | D:4      | Reached XP level 7. HP: 62/66 MP: 6/6
  3242 | D:4      | Noticed Natasha
  3245 | D:4      | Killed Natasha
  3330 | D:5      | Entered Level 5 of the Dungeon
  3397 | D:5      | Found Zuvys's Assorted Antiques.
  3554 | D:5      | Found an iron altar of Okawaru.
  3585 | D:5      | Reached skill level 1 in Throwing
  3646 | D:5      | Identified the +1 leather armour of Vochont {Regen+ Slay+3}
  3664 | D:5      | Found Tegeypath's General Store.
  3669 | D:5      | Bought a scroll of identify for 22 gold pieces
  3669 | D:5      | Bought a scroll of identify for 22 gold pieces
  3789 | D:5      | Found Waduckeb's Armour Shoppe.
  3991 | D:5      | Found a runed translucent door.
  3992 | D:5      | Noticed Crazy Yiuf
  4393 | D:5      | Bought a scroll labelled YBLEDI LUOHUI for 33 gold pieces
  4393 | D:5      | Bought a fuming brown potion for 29 gold pieces
  4393 | D:5      | Bought 2 clear potions for 59 gold pieces
  4569 | D:5      | Reached XP level 8. HP: 54/75 MP: 3/7
  4903 | D:6      | Reached skill level 6 in Shapeshifting
  4961 | D:6      | Found the +6 shillelagh "Devastator" {shatter}
  5039 | D:6      | Found a sacrificial altar of Ru.
  5142 | D:6      | Found a blossoming altar of Fedhas.
  5363 | D:6      | Reached skill level 7 in Shapeshifting
  5937 | D:7      | Found a broken altar of Ashenzari.
  6036 | D:7      | Found a runed translucent gate.
  6036 | D:7      | Noticed anacleto's ghost (novice TrSh)
  6037 | D:7      | Found a runed translucent gate.
  6038 | D:7      | Found a runed translucent gate.
  6043 | D:7      | Reached skill level 8 in Shapeshifting
  6043 | D:7      | Reached XP level 9. HP: 50/83 MP: 5/8
  6178 | D:7      | Noticed Jeremiah
  6249 | D:7      | Killed Jeremiah
  6542 | D:7      | Noticed Prince Ribbit
  6545 | D:7      | Killed Prince Ribbit
  6546 | D:7      | Reached skill level 9 in Shapeshifting
  6592 | D:7      | Found a staircase to the Ecumenical Temple.
  6643 | Temple   | Entered the Ecumenical Temple
  6653 | Temple   | Became a worshipper of the Shining One
  7014 | D:8      | Reached skill level 10 in Shapeshifting
  7107 | D:8      | Identified the +1 leather armour "Faemnir" {rCorr SInv}
  7166 | D:8      | Noticed a two-headed ogre
  7195 | D:8      | Killed a two-headed ogre
  7196 | D:8      | Reached skill level 11 in Shapeshifting
  7196 | D:8      | Reached XP level 10. HP: 91/91 MP: 9/9
  7422 | D:8      | Reached * piety under the Shining One
  7604 | D:8      | Reached skill level 12 in Shapeshifting
  7771 | D:9      | Found a staircase to the Lair.
  7814 | D:9      | Noticed Harold
  7854 | D:9      | Killed Harold
  7855 | D:9      | Reached skill level 13 in Shapeshifting
  7873 | Lair:1   | Entered Level 1 of the Lair of Beasts
  7950 | Lair:1   | Paralysed by a hornet for 2 turns
  8319 | D:9      | Reached XP level 11. HP: 97/97 MP: 10/10
  8535 | D:9      | Found Ecile's Jewellery Shop.
  8615 | D:9      | Found a snail-covered altar of Cheibriados.
  8718 | D:10     | Entered Level 10 of the Dungeon
  9127 | D:10     | Reached skill level 14 in Shapeshifting
  9155 | D:10     | Reached ** piety under the Shining One
  9678 | D:11     | Identified the +2 robe "Nihicu" {^Drain Will+ Int+3 Dex+3}
  9764 | D:11     | Found a transporter.
  9774 | D:11     | Noticed bmb222's ghost (journeyman OpSh)
  9799 | D:11     | Found a transporter.
  9805 | D:11     | Found a staircase to the Orcish Mines.
  9869 | D:11     | Found a gate leading to a gauntlet.
  9940 | Gauntlet | Entered a Gauntlet
  9940 | Gauntlet | Found a transporter.
  9940 | Gauntlet | Found a transporter.
  9940 | Gauntlet | Found a transporter.
  9941 | Gauntlet | Found a transporter.
  9942 | Gauntlet | Found a transporter.
  9982 | Gauntlet | Noticed an oklob plant
  9983 | Gauntlet | Found a transporter.
  9986 | Gauntlet | Found a transporter.
  9989 | Gauntlet | Reached *** piety under the Shining One
  9992 | Gauntlet | Noticed a large abomination
 10000 | Gauntlet | Found a transporter.
 10017 | Gauntlet | Found a transporter.
 10020 | Gauntlet | Noticed a reaper
 10112 | D:11     | Reached skill level 15 in Shapeshifting
 10722 | Orc:1    | Entered Level 1 of the Orcish Mines
 10921 | D:7      | Killed anacleto's ghost
 11311 | Orc:1    | Noticed an orc knight
 11327 | D:11     | Killed an orc knight
 11362 | Orc:1    | Noticed an orc sorcerer
 11367 | Orc:1    | Noticed Sonja
 11372 | D:11     | Killed an orc sorcerer
 11516 | Orc:1    | Killed Sonja
 11593 | Orc:1    | Noticed Urug
 11610 | D:11     | Killed Urug
 11611 | D:11     | Reached skill level 16 in Shapeshifting
 11799 | Orc:2    | Entered Level 2 of the Orcish Mines
 12836 | Lair:1   | Reached XP level 12. HP: 105/105 MP: 11/11
 13561 | Lair:2   | Reached skill level 1 in Invocations
 13684 | Lair:2   | Reached **** piety under the Shining One
 14271 | Lair:2   | Found a staircase to the Shoals.
 14891 | Lair:3   | Found a staircase to the Snake Pit.
 15238 | Lair:3   | Reached XP level 13. HP: 117/117 MP: 14/14
 15426 | Lair:3   | Reached skill level 17 in Shapeshifting
 15893 | D:9      | Bought the ring of Sihiy {rC+ Str+2 Int+3 Dex+3 SInv} for
                  | 742 gold pieces
 16016 | Lair:3   | Reached skill level 5 in Dodging
 16178 | Lair:3   | Reached skill level 5 in Fighting
 16252 | Lair:4   | Found a staircase to the Slime Pits.
 16252 | Lair:4   | Found a viscous altar of Jiyva.
 17016 | Lair:5   | Entered Level 5 of the Lair of Beasts
 17432 | Lair:5   | Reached skill level 5 in Throwing
 17614 | Lair:5   | Found a dark tunnel.
 17624 | Volcano  | Entered a volcano
 17844 | Volcano  | Noticed a fire dragon
 17968 | Volcano  | Killed a fire dragon
 18320 | Lair:5   | Paralysed by a hornet for 2 turns
 18460 | Lair:5   | Reached skill level 10 in Unarmed Combat
 18558 | Lair:5   | Reached XP level 14. HP: 128/128 MP: 14/16
 19536 | Orc:2    | Found a staircase to the Elven Halls.
 19726 | Orc:2    | Noticed an orc warlord
 19754 | Orc:1    | Killed an orc warlord
 20175 | Orc:2    | Reached skill level 5 in Invocations
 20455 | Orc:2    | Noticed Jorgrun
 20477 | Orc:2    | Paralysed by an ogre mage for 2 turns
 20609 | Orc:2    | Killed Jorgrun
 20746 | Orc:2    | Reached skill level 18 in Shapeshifting
 21075 | Orc:2    | Found Exirghoo's Distillery.
 21075 | Orc:2    | Found Qimpiri's Distillery.
 21076 | Orc:2    | Found Aloem's Weapon Emporium.
 21076 | Orc:2    | Found Inine's Antique Armour Boutique.
 21086 | Orc:2    | Bought a potion of haste for 120 gold pieces
 21086 | Orc:2    | Bought a potion of curing for 36 gold pieces
 21086 | Orc:2    | Bought a potion of haste for 120 gold pieces
 21086 | Orc:2    | Bought a potion of haste for 120 gold pieces
 21087 | Orc:2    | Bought 2 potions of lignification for 66 gold pieces
 21087 | Orc:2    | Bought a potion of heal wounds for 55 gold pieces
 21087 | Orc:2    | Bought a potion of curing for 33 gold pieces
 21087 | Orc:2    | Bought 2 potions of might for 88 gold pieces
 21089 | Orc:2    | Bought a potion of attraction for 33 gold pieces
 21092 | Orc:2    | Identified a scroll of acquirement
 21092 | Orc:2    | Acquired a manual of Invocations
 21646 | D:11     | Gained mutation: You are vulnerable to heat. (rF-) [a
                  | neqoxec]
 21658 | D:11     | Killed bmb222's ghost
 21795 | D:12     | Noticed Psyche
 21926 | D:12     | Killed Psyche
 22208 | D:12     | Identified the +7 whip "Buaxuah" {speed, *Rage rPois rN+++
                  | Str+2}
 22370 | D:12     | Reached skill level 1 in Shields
 22599 | D:12     | Noticed Kirke
 22614 | D:12     | Killed Kirke
 22998 | D:13     | Reached XP level 15. HP: 129/129 MP: 18/18
 25433 | D:13     | Noticed a tengu reaver
 25443 | D:13     | Killed a tengu reaver
 25619 | D:13     | Upgraded the game from 0.32-a0-12-g7fc57aa741 to
                  | 0.32-a0-17-gb74e046682
 25935 | D:14     | Identified the +7 short sword of Wu Jian's Condemnation
                  | {flame, Str+3 SInv}
 26074 | D:14     | Noticed Snorg
 26098 | D:14     | Killed Snorg
 27932 | D:14     | Found a gate to the Vaults.
 28403 | D:15     | Entered Level 15 of the Dungeon
 29412 | D:15     | Found a staircase to the Depths.
 29777 | D:15     | Reached XP level 16. HP: 149/149 MP: 21/21
 29917 | Depths:1 | Entered Level 1 of the Depths
 30413 | Abyss:3  | Cast into level 3 of the Abyss (an occultist)
 30466 | Abyss:3  | Killed from afar by a deep elf elementalist

Illustrated notes

Levels and vault maps discovered:
D:1:      dpeg_arrival_round_c, layout_basic, nicolae_ecumenical_snake_handling,
          wander_ebering_terrifying_dragon_lair
D:2:      layout_loops_ring, serial_shops, shop, uniq_robin
D:3:      layout_basic, mainiacjoe_overflow_concentric_impassable, minivault_19,
          nicolae_elevator_lobby_asterisk
D:4:      layout_loops_ring, mainiacjoe_overflow_catwalk_spiral,
          grunt_decor_cap, minivault_25, uniq_natasha
D:5:      layout_cave_pods, okawaru_trees_1, serial_shops,
          kennysheep_little_box, nicolae_shop_tiny_waterfront,
          nicolae_inconvenience_store, uniq_crazy_yiuf_cottage
D:6:      minmay_flawed_box, layout_basic,
          chequers_temple_overflow_statue_of_worship,
          dilly_guarded_unrand_devastator
D:7:      layout_basic, lemuel_doored_altar, minmay_temple_entry_nine_rooms,
          biasface_ghost_orc_armoury, uniq_prince_ribbit1, uniq_jeremiah
D:8:      layout_loops_cross
D:9:      layout_cave_pools, slow_altar_2, minmay_lair_entry_grove,
          serial_shops, nicolae_shop_hallway_plus, nicolae_titane, uniq_harold
D:10:     layout_irregular_city
D:11:     layout_cave_pools, david_orc_2, gauntlet_entry_generic,
          gammafunk_ghost_stat_death
D:12:     layout_loops_ring, hangedman_decor_peaks_small, uniq_psyche,
          uniq_kirke
D:13:     nzn_winding_woodlands_stair_trap [nzn_winding_woodlands_5x15_crooked,
          nzn_winding_woodlands_5x15_jagged, nzn_winding_woodlands_5x15_pockets,
          nzn_winding_woodlands_15x15_boxy_spiral,
          nzn_winding_woodlands_5x15_longhouse,
          nzn_winding_woodlands_5x15_twine, nzn_winding_woodlands_5x15_default],
          layout_loops_ring, nicolae_the_louvre
D:14:     layout_layer_cave, grunt_vaults_entry_fortified, uniq_snorg
D:15:     hangedman_depths_entry_civil_slaughter, layout_small_grid
Temple:   nicolae_temple_great_sept
Lair:1:   layout_chaotic_city, pdpol_lair_neglected_garden, grunt_megastairs_2
Lair:2:   layout_long_grid, elwin_shoals_entry_rooms,
          infiniplex_staircase_pool_2
Lair:3:   layout_cave_shapes, minmay_snake_entry_six_corridors,
          grunt_megastairs_3, lemuel_fruit_tree
Lair:4:   layout_misc_corridors, nicolae_slime_entry_slimehenge,
          chequers_serial_rivers_small_3
Lair:5:   minmay_lair_end_enchanted_forest, layout_cave_pods,
          nicolae_volcano_entry_batcave
Orc:1:    layout_caves, uniq_sonja, uniq_urug
Orc:2:    st_orc_ogre_mass, layout_diamond_mine, uniq_jorgrun
Depths:1: layout_cave_pools, hellmouth_1, enter_trove_0,
          yredelemnul_forgotten_temple_becter
Abyss:3:  base: Snake:4, guppyfry_abyss_exit_glass_guarded, bh_abyss_exit_choice

Skill      XL: |  1  2  3  4  5  6  7  8  9 10 11 12 13 14 15 |
---------------+----------------------------------------------+-----
Fighting       | 1 2 3 4 5 6 7 |  7.6
Dodging        | 2 3 4 5 6 7 |  7.5
Shapeshifting  | 4 5 8 11 13 16 17 18 | 18.8
Unarmed Combat | 4 5 6 8 10 11 12 | 12.8
Throwing       | 1 2 4 5 6 7 |  7.7
Invocations    | 3 4 6 8 |  8.1
Shields        | 1 3 |  3.9

Action                     |  1- 3 |  4- 6 |  7- 9 | 10-12 | 13-15 | 16-18 || total
---------------------------+-------+-------+-------+-------+-------+-------++-------
  Melee: Unarmed           |    94 |   140 |   256 |   557 |   947 |    38 ||  2032
         Punch             |     3 |     1 |    10 |     2 |     3 |       ||    19
         Constrict         |       |       |       |   139 |   203 |     7 ||   349
  Throw: Throwing net      |       |     1 |       |       |       |       ||     1
         Dart              |       |       |     8 |       |     5 |       ||    13
         Boomerang         |       |       |    12 |       |    10 |       ||    22
         Large rock        |       |       |    12 |       |     9 |       ||    21
         Javelin           |       |       |     6 |       |       |       ||     6
 Invoke: Divine Shield     |       |       |       |    12 |    32 |     3 ||    47
Ability: Begin Untransform |       |     1 |       |     2 |     6 |       ||     9
  Evoke: Wand              |       |       |     1 |    15 |    17 |       ||    33
    Use: Scroll            |       |       |     9 |    12 |    10 |       ||    31
         Potion            |       |       |     1 |     6 |    13 |     4 ||    24
   Stab: Distracted        |       |       |     1 |       |       |       ||     1
 Armour: Animal skin       |    46 |    84 |   173 |       |       |       ||   303
         Skin              |       |     1 |       |   632 |   900 |    47 ||  1580
         Robe              |       |       |       |       |     7 |       ||     7
         Acid dragon scale |       |       |       |       |    12 |       ||    12
  Dodge: Dodged            |    32 |    64 |    83 |   348 |   523 |    36 ||  1086
  Block: Other             |       |       |       |    43 |    67 |    12 ||   122
         Kite shield       |       |       |       |       |     5 |     2 ||     7
   Form: Beast             |       |     1 |       |       |     1 |       ||     2
         Serpent           |       |       |       |     2 |     4 |       ||     6
         Blade             |       |       |       |       |     1 |       ||     1

Table legend: (Time is in decaauts)
 A = Elapsed time spent in this place.
 B = Non-inter-level travel time spent in this place.
 C = Inter-level travel time spent in this place.
 D = Time resting spent in this place.
 E = Time spent auto-exploring this place.
 F = Levels seen in this place.
 G = Mean time per level.
                   A        B        C        D        E       F      G
               +--------+--------+--------+--------+--------+-----+--------+
         Total |  30232 |  28481 |   1751 |   7797 |  10404 |  27 | 1119.7 |
       Dungeon |  20168 |  18864 |   1304 |   5074 |   7474 |  15 | 1344.5 |
        Temple |     22 |     22 |      0 |      0 |      0 |   1 |   22.0 |
          Lair |   6351 |   5972 |    379 |   1153 |   2618 |   5 | 1270.2 |
  Orcish Mines |   2925 |   2859 |     66 |   1314 |    312 |   2 | 1462.5 |
        Depths |     98 |     98 |      0 |     12 |      0 |   1 |   98.0 |
         Abyss |     49 |     49 |      0 |      0 |      0 |   1 |   49.0 |
       Volcano |    532 |    532 |      0 |    243 |      0 |   1 |  532.0 |
      Gauntlet |     82 |     82 |      0 |      0 |      0 |   1 |   82.0 |
               +--------+--------+--------+--------+--------+-----+--------+

Top non-repeatable levels by time:
    D:14: 2985 daAuts
    D:12: 2024 daAuts
    D:13: 1817 daAuts
  Lair:5: 1568 daAuts
     D:7: 1560 daAuts
     D:5: 1548 daAuts
   Orc:2: 1535 daAuts
    D:11: 1468 daAuts
    D:15: 1429 daAuts
   Orc:1: 1390 daAuts
  Lair:1: 1373 daAuts
    D:10: 1354 daAuts
  Lair:2: 1228 daAuts
  Lair:3: 1205 daAuts
     D:1: 1141 daAuts
